 Dungeon Crawl Stone Soup version 0.22.1-1-ga44c0e5 (webtiles) character file.

77 mandick the Magician (level 4, -4/24 HPs)
             Began as a Deep Elf Ice Elementalist on Sept 30, 2018.
             Killed from afar by Sigmund (6 damage)
             ... with a magic dart
             ... on level 2 of the Dungeon.
             The game lasted 00:06:03 (1448 turns).

mandick the Magician (Deep Elf Ice Elementalist)    Turns: 1448, Time: 00:06:04

Health: -4/24      AC:  3    Str:  5    XL:     4   Next: 13%
Magic:  9/12       EV: 13    Int: 21    God:
Gold:   84         SH:  0    Dex: 15    Spells: 11/12 levels left

rFire    . . .     SeeInvis .   j - -2 dagger (curse)
rCold    . . .     Gourm    .   (no shield)
rNeg     . . .     Faith    .   a - +0 robe
rPois    .         Spirit   .   (no helmet)
rElec    .         Reflect  .   (no cloak)
rCorr    .         Harm     .   d - +0 pair of gloves
MR       .....     Rnd*Tele +   (no boots)
Stlth    ++........             (no amulet)
HPRegen  0.08/turn              g - ring of teleportation (curse)
MPRegen  0.13/turn              (no ring)

@: no status effects
A: no striking features
a: no special abilities


You were on level 2 of the Dungeon.
You were hungry.

You visited 1 branch of the dungeon, and saw 2 of its levels.

You collected 84 gold pieces.

Inventory:

Hand Weapons
 b - a +0 short sword
 j - a cursed -2 dagger (weapon)
 k - a cursed -1 dagger
Armour
 a - a +0 robe (worn)
 d - a +0 pair of gloves (worn)
Jewellery
 g - a cursed ring of teleportation (left hand)
Scrolls
 l - a scroll of amnesia {unknown}
 m - a scroll of fog {unknown}
Potions
 e - a potion of mutation {unknown}
 h - 2 potions of heal wounds {unknown}
 i - 2 potions of magic {unknown}
Comestibles
 c - 2 rations


   Skills:
 - Level 2.4 Dodging
 - Level 2.4 Stealth
 + Level 4.7 Spellcasting
   Level 1.1 Conjurations
 + Level 4.5 Ice Magic


You had 11 spell levels left.
You knew the following spells:

 Your Spells              Type           Power        Failure   Level  Hunger
a - Freeze                Ice            ###.         1%          1    None

Your spell library contained the following spells:

 Spells                   Type           Power        Failure   Level  Hunger
 Throw Frost              Conj/Ice       ###...       5%          2    None
 Ozocubu's Armour         Chrm/Ice       ##......     13%         3    ##.....
 Throw Icicle             Conj/Ice       ###.....     34%         4    ####...
 Summon Ice Beast         Ice/Summ       ##......     41%         4    ####...


Dungeon Overview and Level Annotations

Branches:
Dungeon (2/15)

Altars:
Cheibriados

Annotations:
D:2 1 runed door, Sigmund


Message History

* * * LOW HITPOINT WARNING * * *
Casting: Freeze (safe; 1% risk of failure)
Confirm with . or Enter, or press ? or * to list all spells.
Aiming: Freeze (safe; 1% risk of failure)
Press: ? - help, Shift-Dir - straight line, f/p - Sigmund
Aim: Sigmund, wielding a scythe and wearing a robe (lightly wounded)
You freeze Sigmund.
Sigmund is moderately wounded.
Casting: Freeze (safe; 1% risk of failure)
Confirm with . or Enter, or press ? or * to list all spells.
Aiming: Freeze (safe; 1% risk of failure)
Press: ? - help, Shift-Dir - straight line, f/p - Sigmund
Aim: Sigmund, wielding a scythe and wearing a robe (moderately wounded)
You freeze Sigmund.
Sigmund is heavily wounded.
Sigmund hits you with a scythe.
* * * LOW HITPOINT WARNING * * *
Sigmund casts a spell at you. The magic dart hits you!
You die...

#.......!.# ###..# #.........#
##....# ###.##...## #.....#
##......# ###...###
##(..########....##
####..#.##..........#########
##.............##.<####......##
###..#...#..._.###@.####........#
..>.#..###.#....@..## #..........
.##...###..####.#### #..........
.....###..## ##.# #..........
###.##...#####..# #..........
##.....### #...## #...)......
##.#.#######.### ##........#
.....####....# #..........
)..#......#### #..........
#.#..###### #####..........


You could see Sigmund.

Vanquished Creatures
  Terence (D:2)
  An adder (D:2)
  2 dart slugs
  2 leopard geckos
  2 ball pythons (D:2)
  2 bats (D:1)
  3 giant cockroaches (D:1)
  3 hobgoblins (D:1)
  2 jackals (D:2)
  5 kobolds
  4 frilled lizards
  4 goblins
  6 rats
37 creatures vanquished.

Notes
Turn   | Place    | Note
-------+----------+-------------------------------------------
     0 | D:1      | mandick the Deep Elf Ice Elementalist began the quest for
                  | the Orb.
     0 | D:1      | Reached XP level 1. HP: 10/10 MP: 6/6
   107 | D:1      | Reached XP level 2. HP: 15/15 MP: 3/8
   559 | D:2      | Reached XP level 3. HP: 10/19 MP: 7/10
   679 | D:2      | Noticed Terence
   780 | D:2      | Killed Terence
   837 | D:2      | Found a runed door.
   845 | D:2      | Reached XP level 4. HP: 18/24 MP: 9/12
  1143 | D:2      | Found a snail-covered altar of Cheibriados.
  1190 | D:2      | Noticed Sigmund
  1448 | D:2      | Killed from afar by Sigmund

Skill      XL: |  1  2 |
---------------+-------+-----
Spellcasting   | 4 |  4.7
Ice Magic      | 4 |  4.5
Dodging        | |  2.4
Stealth        | |  2.4
Conjurations   | |  1.1

Action                   |  1- 3 |  4- 6 || total
-------------------------+-------+-------++-------
Melee: Short sword       |    24 |       ||    24
       Unarmed           |     1 |       ||     1
       Dagger            |    13 |       ||    13
 Cast: Freeze            |    38 |    15 ||    53
  Use: Scroll            |     3 |       ||     3
 Stab: Sleeping          |     5 |       ||     5
  Eat: Chunk             |       |     1 ||     1
Armor: Robe              |     9 |       ||     9
Dodge: Dodged            |    47 |     4 ||    51
